cohdb
Replays
Latest Replays
All Replays
Popular Replays
Top Player Replays
Match Explorer
How It Works
Community
CoH3 Stats
Reddit
Sign in to upload your games and track your stats! →
Sign in with Steam
Match 42316850
Unlisted
Match 42316850
Overview
Messages
Build Orders
End
Construct Barracks
Scout Squad
Selects Heavy Weapons
Riflemen Squad
Riflemen Squad
Riflemen Squad
Mechanized Support Center
Engineer Squad
Construct Motor Pool
Construct Medical Station
M8 Greyhound Armored Car
AI Takeover
guany
appry
iPlayWithChickens
Olidiallo
Pizzeria
Jarkke
0
0
Comments
sign in to comment!
No comments posted yet!